 Dungeon Crawl Stone Soup version 0.30.0-20-g3615ddf2f0 (webtiles) character file.

Game seed: 1569157446877769996

169 qw the Chopper (level 5, 0/32 HPs)
             Began as a Gargoyle Fighter on May 31, 2023.
             Killed by divine providence
             ... invoked by an orc priest
              (16 damage)
             ... on level 3 of the Dungeon.
             The game lasted 00:01:06 (1774 turns).

qw the Chopper (Gargoyle Fighter)                   Turns: 1774, Time: 00:01:06

Health: 0/32       AC: 10    Str: 22    XL:     5   Next: 50%
Magic:  5/5        EV:  9    Int:  8    God:
Gold:   123        SH:  4    Dex:  9    Spells: 4/4 levels left

rFire   . . .        Y - +1 war axe
rCold   . . .        c - +0 buckler
rNeg    + . .        b - +0 scale mail
rPois   inf          (no helmet)
rElec   +            (no cloak)
rCorr   .            (no gloves)
SInv    .            (no boots)
Will    .....        (no amulet) Stlth
                     (no ring)
HPRegen 0.25/turn    (no ring)
MPRegen 0.09/turn

%: no passive effects
@: no status effects
A: sickness immunity, AC +4, negative energy resistance 1, electricity
resistance, torment resistance 1, petrification resistance
a: no special abilities


You were on level 3 of the Dungeon.
You visited 1 branch of the dungeon, and saw 3 of its levels.

You collected 123 gold pieces.


Innate Abilities, Weirdness & Mutations

You are immune to sickness and miasma.
Your stone body is resilient. (AC +4)
You are immune to poison.
You resist negative energy. (rN+)
You are resistant to electric shocks. (rElec)
You are resistant to unholy torment.
You are immune to petrification.


   Skills:
 + Level 3.3 Fighting
 - Level 5.0 Axes
 - Level 3.2 Armour
 - Level 3.2 Shields


You had 4 spell levels left.
You didn't know any spells.
Your spell library was empty.

Inventory:

Hand Weapons
 i - a +0 mace
 Y - a +1 war axe (weapon)
Armour
 b - a +0 scale mail (worn)
 c - a +0 buckler (worn)
Potions
 a - a potion of lignification {unknown}
 d - 2 potions of might
 f - a potion of mutation {unknown}
 h - 2 potions of heal wounds
 l - a potion of berserk rage {unknown}

Dungeon Overview and Level Annotations

Branches:
Dungeon (3/15)

Altars:

Shops:
D:1 *


Message History

You block the orc's attack.
The orc shouts!
You hit the orc.
The orc is almost dead.
The orc barely misses you.
An orc priest comes into view. It is wielding a +0 hand axe.
You block the orc's attack.
You slash the orc!
You kill the orc!
An orc comes into view. It is wielding a +0 hand axe.
An endoplasm comes into view.
The orc shouts!
The endoplasm quivers.
The orc hits you with a +0 dagger.
Things that are here:
a +0 club; a +0 leather armour; an orc corpse You closely miss the orc.
The orc hits you but does no damage.
You closely miss the orc. You barely miss the orc. The orc barely misses you.
The orc closely misses you.
You slash the orc!
You kill the orc!
You completely miss the orc. The orc barely misses you.
The orc priest mumbles some strange prayers to Beogh against you.
Beogh smites you! The orc hits you but does no damage.
You slash the orc priest!
The orc priest is severely wounded.
You hit the orc. The orc hits you but does no damage.
The orc priest calls down the wrath of Beogh upon you.
Pain shoots through your body!
You closely miss the orc priest.
The orc priest is severely wounded.
You closely miss the orc. You block the orc's attack.
The orc priest calls down the wrath of Beogh upon you.
Beogh smites you!
Ouch! That really hurt!
You die...

...######..####.##
#)..<# #..##
#.#..# ##..# #
...#.## ##.# ..
#.. <.# #.# ...
#...#### #.# ....
..# #.# .....
#####.#...>..
#o@..........
#Joo###........
...$.## ##.......
#### .......
.##..## .# #.# .#
.# .# #


You could see an orc priest, 2 orcs and an endoplasm.

Vanquished Creatures
  Natasha (thrice) (D:2)
  4 adders
  2 orcs (D:3)
  7 ball pythons
  2 bats (D:1)
  6 endoplasms
  3 giant cockroaches (D:1)
  4 goblins
  8 hobgoblins
  4 jackals (D:2)
  A quokka (D:3)
  3 frilled lizards
  3 kobolds
  7 rats
57 creatures vanquished.

Notes
Turn   | Place    | Note
-------+----------+-------------------------------------------
     0 | D:1      | qw the Gargoyle Fighter began the quest for the Orb.
     0 | D:1      | Reached XP level 1. HP: 14/14 MP: 1/1
     0 | D:1      | 0 ||| qw: Version: 0.2-a-102-gfc559e5
     0 | D:1      | 0 ||| qw: Game counter: 546
     0 | D:1      | 0 ||| qw: Always use a shield: true
     0 | D:1      | 0 ||| qw: God list: Okawaru
     0 | D:1      | 0 ||| qw: Allow faded altars: false
     0 | D:1      | 0 ||| qw: Do Orc after D:15 true
     0 | D:1      | 0 ||| qw: Do second Lair branch before Depths: true
     0 | D:1      | 0 ||| qw: Lair rune preference: random
     0 | D:1      | 0 ||| qw: Plans: Normal, Zot:1-4, Slime:5, God:TSO, Crypt,
                  | Tomb, Pan, Hells, Abyss, Win
     0 | D:1      | 0 ||| PLANNING D:1-11
    73 | D:1      | 73 ||| Stepping ~*~*~tactically~*~*~ (stealth).
    79 | D:1      | Reached skill level 2 in Axes
   175 | D:1      | Found Rueca's Assorted Antiques.
   182 | D:1      | 182 ||| SHOPLISTING fuming pink potion (21 gold, have 20).
   182 | D:1      | 182 ||| SHOPLISTING red potion (21 gold, have 20).
   182 | D:1      | 182 ||| SHOPLISTING runed scarf (192 gold, have 20).
   182 | D:1      | 182 ||| SHOPLISTING scroll labelled PATORU DIOMA (24 gold,
                  | have 20).
   182 | D:1      | 182 ||| SHOPLISTING whip (60 gold, have 20).
   234 | D:1      | Reached XP level 2. HP: 19/19 MP: 2/2
   237 | D:1      | 237 ||| Stepping ~*~*~tactically~*~*~ (stealth).
   407 | D:1      | 407 ||| DROPPING +0 club.
   422 | D:1      | 422 ||| Stepping ~*~*~tactically~*~*~ (stealth).
   445 | D:1      | Found a faded altar of an unknown god.
   464 | D:1      | Reached skill level 3 in Axes
   591 | D:1      | Reached XP level 3. HP: 23/23 MP: 3/3
   852 | D:1      | 852 ||| READING 4 scrolls labelled ASI ULAATTORUF.
   853 | D:1      | 853 ||| READING scroll labelled QUTWARCHESEE.
   854 | D:1      | 854 ||| DRINKING 2 brown potions.
   855 | D:1      | 855 ||| DRINKING 2 cyan potions.
   859 | D:1      | 859 ||| DROPPING 3 scrolls of poison.
   860 | D:1      | 860 ||| DROPPING potion of ambrosia.
   913 | D:2      | 913 ||| Stepping ~*~*~tactically~*~*~ (stealth).
   962 | D:2      | Noticed Natasha
   964 | D:2      | 964 ||| Stepping ~*~*~tactically~*~*~ (hiding).
   977 | D:2      | Killed Natasha
  1079 | D:2      | 1079 ||| Stepping ~*~*~tactically~*~*~ (stealth).
  1080 | D:2      | 1080 ||| Stepping ~*~*~tactically~*~*~ (stealth).
  1082 | D:2      | Reached XP level 4. HP: 28/28 MP: 4/4
  1163 | D:2      | Noticed Natasha
  1164 | D:2      | 1164 ||| Stepping ~*~*~tactically~*~*~ (stealth).
  1165 | D:2      | 1165 ||| Stepping ~*~*~tactically~*~*~ (stealth).
  1188 | D:2      | Killed Natasha
  1189 | D:2      | Reached skill level 4 in Axes
  1246 | D:2      | Noticed Natasha
  1255 | D:2      | Killed Natasha
  1258 | D:2      | Reached XP level 5. HP: 25/32 MP: 5/5
  1670 | D:2      | 1670 ||| READING scroll labelled CICUST SEXKU.
  1675 | D:2      | 1675 ||| READING scroll labelled OLUOPPOUHI.
  1676 | D:2      | 1676 ||| READING scroll labelled AJOGEQ LUSHEO.
  1677 | D:2      | 1677 ||| READING scroll labelled VUNEIRGHAZIPRA.
  1678 | D:2      | 1678 ||| DRINKING 2 yellow potions.
  1679 | D:2      | 1679 ||| DROPPING potion of magic.
  1714 | D:3      | Reached skill level 5 in Axes
  1774 | D:3      | Killed from afar by an orc priest

Levels and vault maps discovered:
D:1:      arrival_zaba_pyramid, layout_loops_ring,
          shapermc_ecumenical_altar_starsandcircs, serial_shops,
          nicolae_shop_tiny_statue_garden
D:2:      layout_basic, uniq_natasha
D:3:      layout_rooms, fedhas_ov_isle_minmay, ebering_ghost_rock_garden,
          chequers_serial_rivers_micro_b

Skill      XL: |  1  2  3  4  5 |
---------------+----------------+-----
Axes           | 2 3 4 5 |  5.0
Fighting       | |  3.3
Armour         | |  3.2
Shields        | |  3.2

Action                     |  1- 3 |  4- 6 || total
---------------------------+-------+-------++-------
  Melee: War axe           |    86 |   101 ||   187
    Use: Scroll            |     2 |     4 ||     6
         Potion            |     2 |     1 ||     3
 Armour: Scale mail        |    37 |    37 ||    74
  Dodge: Dodged            |    38 |    43 ||    81
  Block: Buckler           |    11 |    21 ||    32

Table legend:
 A = Non-vault XP
 B = Vault XP
 C = Vault XP percentage of total XP
 D = Non-vault monster count
 E = Vault monster count
 F = Vault count percentage of total count
                 A         B        C        D         E       F
            +---------+---------+-------+---------+---------+-------
      Total |     207 |      35 |  14.5 |      56 |       1 |   1.8
            +---------+---------+-------+---------+---------+-------
        D:1 |      34 |       0 |   0.0 |      21 |       0 |   0.0
        D:2 |     151 |      35 |  18.8 |      31 |       1 |   3.1
        D:3 |      22 |       0 |   0.0 |       4 |       0 |   0.0
            +---------+---------+-------+---------+---------+-------
